 Dungeon Crawl Stone Soup version 0.30-a0-1157-g2cc9ac7196 (webtiles) character file.

Game seed: 5705531340740379691

6450 iambehindu the Severer (level 10, -4/78 HPs)
             Began as a Minotaur Berserker on Apr 24, 2023.
             Was an Elder of Trog.
             Slain by a troll (11 damage)
             ... on level 9 of the Dungeon.
             The game lasted 00:48:04 (9015 turns).

iambehindu the Severer (Minotaur Berserker)         Turns: 9015, Time: 00:48:05

Health: -4/78      AC: 15    Str: 30    XL:     10   Next: 67%
Magic:  9/9        EV: 11    Int:  4    God:    Trog [****..]
Gold:   265        SH:  0    Dex:  9    Spells: 9/9 levels left

rFire   . . .        P - +1 battleaxe (heavy)
rCold   . . .        (shield currently unavailable)
rNeg    . . .        C - +5 ring mail of the World {rPois Str+3}
rPois   +            (helmet restricted)
rElec   .            e - scarf {repulsion}
rCorr   .            (no gloves)
SInv    +            t - +1 pair of boots
Will    .....        (no amulet) Stlth
                     J - ring of see invisible
HPRegen 0.33/turn    (no ring)
MPRegen 0.11/turn

%: repel missiles
@: no status effects
A: horns 2, retaliatory headbutt
a: Renounce Religion, Berserk, Trog's Hand, Brothers in Arms


You were on level 9 of the Dungeon.
You worshipped Trog.
Trog was greatly pleased with you.
You visited 1 branch of the dungeon, and saw 9 of its levels.

You collected 265 gold pieces.

Inventory:

Hand Weapons
 a - a +0 hand axe
 j - a +4 short sword of protection
 q - a +2 heavy bardiche
 y - the +5 dagger of Rubbish {freeze, rPois rCorr}
   (You found it on level 3 of the Dungeon)

   rPois:     It protects you from poison.
   rCorr:     It protects you from acid and corrosion.
 H - a +0 war axe
 P - a +1 heavy battleaxe (weapon)
Armour
 e - a scarf of repulsion (worn)
 t - a +1 pair of boots (worn)
 x - a +0 chain mail
 z - a +0 kite shield
 C - the +5 ring mail of the World (worn) {rPois Str+3}
   (You found it on level 4 of the Dungeon)

   Str:       It affects your strength (+3).
   rPois:     It protects you from poison.
 D - +0 steam dragon scales
 N - the +0 cloak of Loss {-Cast rElec rF+}
   (You found it on level 7 of the Dungeon)

   rF:        It protects you from fire.
   rElec:     It insulates you from electricity.
   -Cast:     It prevents spellcasting.
Jewellery
 i - an amulet of magic regeneration
 J - a ring of see invisible (left hand)
 K - a ring of protection from cold
 Q - a ring of protection from fire
Wands
 R - a wand of flame (7)
Scrolls
 b - a scroll of torment {unknown}
 f - 3 scrolls of identify
 g - a scroll of fear {unknown}
 m - a scroll of brand weapon {unknown}
 p - a scroll of poison {unknown}
 u - 4 scrolls of teleportation
 v - a scroll of magic mapping {unknown}
 A - a scroll of noise
 B - a scroll of enchant armour
 F - a scroll of immolation {unknown}
 I - 2 scrolls of vulnerability {unknown}
 M - a scroll of blinking {unknown}
 O - a scroll of acquirement {unknown}
Potions
 c - 2 potions of might
 k - 3 potions of berserk rage
 n - 2 potions of mutation
 o - 4 potions of curing {unknown}
 r - 3 potions of resistance
 w - a potion of heal wounds {unknown}
 E - 2 potions of invisibility
 G - a potion of flight {unknown}
 L - a potion of ambrosia {unknown}


   Skills:
 - Level 4.0 Fighting
 + Level 15.5 Axes
 + Level 11.7 Armour
 + Level 2.4 Dodging
 - Level 1.2 Unarmed Combat


You had 9 spell levels left.
You didn't know any spells.
Your spell library was empty.

Dungeon Overview and Level Annotations

Branches:
Dungeon (9/15)             Temple (0/1) D:6
   Lair: D:8-11         Orc: D:9-12

Altars:
Elyvilon
Fedhas
Gozag
Kikubaaqudgha
Qazlal
Trog
Vehumet
Wu Jian
The Shining One

Shops:
D:3 =

Annotations:
D:4 1 transporter, cheesebisquit's ghost, amateur TrFi


Innate Abilities, Weirdness & Mutations

You have a pair of horns on your head.
You reflexively headbutt those who attack you in melee.


Message History

The wight is heavily damaged.
The wight hits you but does no damage.
You slice the wight!!
You destroy the wight!
Trog accepts your kill.
Things that are here:
a +0 battleaxe; a +0 robe
Items here: )) [[.
A troll comes into view.
You see here 10 gold pieces.
An electric eel comes into view.
A wight comes into view.
It is wielding a +4 mace of freezing and wearing a +0 robe of positive energy.
The electric eel shoots out a bolt of lightning at you!
The bolt of electricity hits you! The troll attacks as you move away!
The troll bites you! The troll barely misses you.
The troll claws you but does no damage.
Items here: )) [[.
You barely miss the troll. You headbutt the troll!
The troll is lightly wounded.
The troll bites you! The troll misses you. The troll claws you.
The troll bites you. The troll claws you but does no damage.
The troll claws you!
You barely miss the troll.
The troll is lightly wounded.
The troll bites you. The troll barely misses you.
The troll claws you but does no damage.
You open the troll like a pillowcase!!!
You headbutt the troll, but do no damage.
The troll is almost dead.
The troll bites you!
* * * LOW HITPOINT WARNING * * *
The troll claws you.
* * * LOW HITPOINT WARNING * * *
The troll claws you but does no damage.
Your ogre goes berserk!
Trog will no longer gift you weapons. The troll bites you!
* * * LOW HITPOINT WARNING * * *
The troll claws you!
You die...

.....
.........
~~~...#......#
≈.....#......#
≈~~~..#......#
~~S..........#
~............#
#..$...####
#Tz.......#
#@.O......#
#)#####.###
+.#...#.#
#.#...#.#
+.#...#.#
#####.#...'.#
#.....'...#.#
#.....#####.#
#...........#


You could see a troll, a wight (ally target) and a friendly ogre (summoned,
berserk).

Vanquished Creatures
  Pikel (D:3)
  Maggie (D:6)
  Psyche (D:8)
  Grinder (D:6)
  2 wyverns
  2 steam dragons
  Grum (D:8)
  5 water moccasins
  5 orc warriors
  4 black bears
  A sky beast (D:6)
  An ice beast (D:5)
  An ogre (D:5)
  3 wolves (D:8)
  A centaur (D:8)
  A lemure (D:3)
  2 phantoms
  Blork the orc (D:5)
  4 kobold brigands
  A gnoll sergeant (D:7)
  2 scorpions
  7 wights
  10 killer bees
  4 jellies
  3 hounds
  9 orc priests
  Crazy Yiuf (D:7)
  3 sleepcaps
  10 orc wizards
  7 gnolls
  7 adders
  A white imp (D:6)
  3 worms
  4 dart slugs
  51 orcs
  13 bats
  7 endoplasms
  3 giant cockroaches
  10 goblins
  6 hobgoblins
  6 jackals
  10 ball pythons
  3 frilled lizards
  19 kobolds
  8 rats
246 creatures vanquished.

Vanquished Creatures (others)
  2 fungi (D:7)
2 creatures vanquished.

Grand Total: 248 creatures vanquished

Notes
Turn   | Place    | Note
-------+----------+-------------------------------------------
     0 | D:1      | iambehindu the Minotaur Berserker began the quest for the
                  | Orb.
     0 | D:1      | Reached XP level 1. HP: 19/19 MP: 0/0
   177 | D:1      | Reached XP level 2. HP: 27/27 MP: 1/1
   226 | D:1      | Reached skill level 4 in Axes
   548 | D:1      | Reached XP level 3. HP: 30/33 MP: 2/2
   563 | D:1      | Reached ** piety under Trog
   757 | D:1      | Reached skill level 5 in Axes
  1610 | D:2      | Reached XP level 4. HP: 40/40 MP: 3/3
  2094 | D:3      | Reached skill level 6 in Axes
  2140 | D:3      | Found Wajof's Jewellery Shop.
  2185 | D:3      | Reached *** piety under Trog
  2193 | D:3      | Reached XP level 5. HP: 43/46 MP: 4/4
  2367 | D:3      | Identified the +5 dagger of Rubbish {freeze, rPois rCorr}
  2385 | D:3      | Reached skill level 7 in Axes
  2599 | D:3      | Found a glowing golden altar of the Shining One.
  2834 | D:4      | Noticed a lemure
  2834 | D:4      | Noticed a lemure
  2834 | D:4      | Noticed a lemure
  2834 | D:4      | Noticed Pikel
  2835 | D:4      | Found a stormy altar of Qazlal.
  2835 | D:4      | Noticed a lemure
  2850 | D:4      | Found a transporter.
  2865 | D:3      | Killed a lemure
  3038 | D:4      | Reached XP level 6. HP: 50/52 MP: 5/5
  3247 | D:3      | Killed Pikel
  3248 | D:3      | Reached skill level 9 in Axes
  3248 | D:3      | Reached XP level 7. HP: 32/59 MP: 6/6
  3443 | D:4      | Noticed cheesebisquit's ghost (amateur TrFi)
  3458 | D:4      | Identified the +5 ring mail of the World {rPois Str+3}
  3494 | D:4      | You fall into a shaft and drop 3 floors!
  3664 | D:6      | Reached XP level 8. HP: 66/66 MP: 7/7
  3671 | D:6      | Noticed Grinder
  3671 | D:6      | Paralysed by Grinder for 5 turns
  3693 | D:6      | Killed Grinder
  3694 | D:6      | Reached skill level 10 in Axes
  3773 | D:6      | Found a staircase to the Ecumenical Temple.
  3801 | D:6      | Noticed Maggie
  3827 | D:6      | Killed Maggie
  4108 | D:6      | Reached **** piety under Trog
  4276 | D:6      | Reached skill level 11 in Axes
  4421 | D:6      | Reached XP level 9. HP: 55/71 MP: 8/8
  4506 | D:5      | Entered Level 5 of the Dungeon
  4685 | D:5      | Reached skill level 10 in Armour
  4691 | D:5      | Noticed Blork the orc
  4731 | D:5      | Killed Blork the orc
  4990 | D:5      | Reached skill level 12 in Axes
  5558 | D:5      | Found an ancient bone altar of Kikubaaqudgha.
  5725 | D:6      | Found an ornate altar of the Wu Jian Council.
  5730 | D:6      | Found a bloodstained altar of Trog.
  5731 | D:6      | Found a radiant altar of Vehumet.
  5731 | D:6      | Found a blossoming altar of Fedhas.
  6212 | D:7      | Found a runed translucent door.
  6213 | D:7      | Noticed Crazy Yiuf
  6221 | D:7      | Killed Crazy Yiuf
  6342 | D:7      | Reached skill level 13 in Axes
  6682 | D:7      | Reached ***** piety under Trog
  6798 | D:7      | Identified the +0 cloak of Loss {-Cast rElec rF+}
  6850 | D:7      | Reached XP level 10. HP: 68/78 MP: 9/9
  7312 | D:8      | Noticed Psyche
  7330 | D:8      | Killed Psyche
  7331 | D:8      | Reached skill level 14 in Axes
  7477 | D:8      | Noticed Grum
  7490 | D:8      | Received a gift from Trog
  7493 | D:8      | Killed Grum
  7699 | D:8      | Found a white marble altar of Elyvilon.
  7840 | D:8      | Found an opulent altar of Gozag.
  8186 | D:8      | Reached skill level 15 in Axes
  8411 | D:8      | Reached skill level 1 in Unarmed Combat
  9015 | D:9      | Slain by a troll

Illustrated notes

Levels and vault maps discovered:
D:1:      saegor_arrival_miasma, layout_basic
D:2:      minmay_spotlight, layout_basic, minmay_domino_4
D:3:      layout_rooms, lemuel_crystal_altar, serial_shops, shop
D:4:      layout_cave_pools, nicolae_qazlal_eye_of_the_storm,
          gammafunk_ghost_abyssal_escape, corexii_hall_statues_u,
          nicolae_elevator_lobby_plus, uniq_pikel
D:5:      layout_loops_ring, mainiacjoe_overflow_alcove_2, enter_ossuary_2,
          uniq_blork_the_orc
D:6:      layout_cave_pools, grunt_temple_overflow_open,
          minmay_temple_entry_slanted, hangedman_decor_push,
          lightli_orcish_oven, uniq_grinder, uniq_maggie
D:7:      layout_rooms, enter_bailey_7, nrook_mini_vaults,
          amcnicky_mini_rare_corridor_liquid, st_stairs_4, water_maze_lemuel,
          uniq_crazy_yiuf_cottage
D:8:      layout_loops_ring, kennysheep_ying_yang,
          nicolae_overflow_crystal_walls, uniq_grum, uniq_psyche
D:9:      layout_irregular_city, erik_lair_island

Skill      XL: |  1  2  3  4  5  6  7  8  9 10 |
---------------+-------------------------------+-----
Fighting       | 4 |  4.0
Axes           | 4 5 6 7 9 11 13 15 | 15.5
Armour         | 3 4 6 7 9 11 | 11.7
Unarmed Combat | 1 |  1.2
Dodging        | |  2.4

Action                     |  1- 3 |  4- 6 |  7- 9 | 10-12 || total
---------------------------+-------+-------+-------+-------++-------
  Melee: Hand axe          |    87 |   142 |   154 |       ||   383
         Headbutt          |    16 |    22 |    59 |    19 ||   116
         Punch             |       |     1 |     3 |       ||     4
         War axe           |       |       |   164 |    56 ||   220
         Battleaxe         |       |       |       |    77 ||    77
         Unarmed           |       |       |       |     8 ||     8
 Invoke: Berserk           |       |     2 |     1 |     2 ||     5
         Brothers in Arms  |       |       |       |     1 ||     1
    Use: Scroll            |       |       |     6 |     1 ||     7
   Stab: Confused          |       |       |       |     1 ||     1
 Armour: Animal skin       |    10 |       |       |       ||    10
         Leather armour    |    13 |       |       |       ||    13
         Ring mail         |     6 |    21 |   152 |    81 ||   260
         Chain mail        |       |    30 |     1 |       ||    31
         Skin              |       |       |       |     2 ||     2
  Dodge: Dodged            |    69 |    81 |   161 |   144 ||   455
         Repelled          |       |     1 |     1 |     1 ||     3

Table legend: (Time is in decaauts)
 A = Elapsed time spent in this place.
 B = Non-inter-level travel time spent in this place.
 C = Inter-level travel time spent in this place.
 D = Time resting spent in this place.
 E = Time spent auto-exploring this place.
 F = Levels seen in this place.
 G = Mean time per level.
                   A        B        C        D        E       F      G
               +--------+--------+--------+--------+--------+-----+--------+
         Total |   9027 |   9027 |      0 |      0 |   1519 |   9 | 1003.0 |
       Dungeon |   9027 |   9027 |      0 |      0 |   1519 |   9 | 1003.0 |
               +--------+--------+--------+--------+--------+-----+--------+

Top non-repeatable levels by time:
     D:8: 1495 daAuts
     D:6: 1277 daAuts
     D:7: 1259 daAuts
     D:1: 1202 daAuts
     D:5: 1187 daAuts
     D:3: 1037 daAuts
     D:2: 806 daAuts
     D:4: 471 daAuts
     D:9: 290 daAuts
